 Dungeon Crawl Stone Soup version 0.28-a0-834-g1a73be5ee4 (webtiles) character file.

Game seed: 10459863040342582570

108 dracfodder the Chiller (level 4, -1/24 HPs)
             Began as a Gargoyle Ice Elementalist on Nov 11, 2021.
             Slain by Grinder (2 damage)
             ... while paralysed by Grinder
             ... on level 3 of the Dungeon.
             The game lasted 00:17:48 (3363 turns).

dracfodder the Chiller (Gargoyle Ice Elementalist)  Turns: 3363, Time: 00:17:49

Health: -1/24      AC:  9    Str: 11    XL:     4   Next: 87%
Magic:  2/9        EV:  2    Int: 17    God:
Gold:   120        SH:  0    Dex: 10    Spells: 3/10 levels left

rFire   . . .      SeeInvis .   d - +0 dagger
rCold   . . .      Faith    .   (no shield)
rNeg    + . .      Spirit   .   a - +1 robe
rPois   ∞          Reflect  .   (no helmet)
rElec   +          Harm     .   i - +2 cloak {Stlth+}
rCorr   .          Rampage  .   (no gloves)
Will    .....                   (no boots)
Stlth   +++.......              (no amulet)
HPRegen 0.08/turn               (no ring)
MPRegen 0.11/turn               (no ring)

@: paralysed, very slightly contaminated, hasted
A: sickness immunity, AC +3, negative energy resistance 1, electricity
resistance, torment resistance 1, petrification resistance
a: no special abilities


You were on level 3 of the Dungeon.
You visited 1 branch of the dungeon, and saw 3 of its levels.

You collected 120 gold pieces.

Inventory:

Hand Weapons
 d - a +0 dagger (weapon)
Missiles
 b - 102 stones (quivered)
 c - 19 arrows
 f - 32 sling bullets
Armour
 a - a +1 robe (worn)
 i - a +2 cloak of stealth (worn)
Scrolls
 h - a scroll of acquirement {unknown}
 l - a scroll of teleportation
Potions
 e - 3 potions of curing


   Skills:
 + Level 0.1 Short Blades
 + Level 0.1 Throwing
 + Level 1.6 Dodging
 + Level 2.7 Stealth
 * Level 3.7 Spellcasting
 + Level 4.5 Ice Magic


You had 3 spell levels left.
You knew the following spells:

 Your Spells              Type           Power      Damage    Failure   Level
a - Freeze                Ice            72%        1d9       2%          1
b - Frozen Ramparts       Ice            36%        1d5       8%          3
c - Ozocubu's Armour      Ice            18%        N/A       8%          3

Your spell library contained the following spells:

 Spells                   Type           Power      Damage    Failure   Level
 Hailstorm                Conj/Ice       10%        3d5       54%         4


Dungeon Overview and Level Annotations

Branches:
Dungeon (3/15)

Altars:

Shops:
D:3 (

Annotations:
D:2 1 runed translucent door, Crazy Yiuf
D:3 Grinder


Innate Abilities, Weirdness & Mutations

You are immune to sickness and miasma.
Your stone body is resilient. (AC +3)
You are immune to poison.
You resist negative energy. (rN+)
You are resistant to electric shocks. (rElec)
You are resistant to unholy torment.
You are immune to petrification.


Message History

You miscast Freeze.
You are very lightly contaminated with residual magic.
Nothing appears to happen.
Grinder hits you.
You writhe in agony.
Casting: Freeze (safe; 2% risk of failure)
Confirm with . or Enter, or press ? or * to list all spells.
Aiming: Freeze (safe; 2% risk of failure)
Press: ? - help, Shift-Dir - straight line, f/p - Grinder
Aim: Grinder You freeze Grinder but do no damage.
Grinder completely resists.
Grinder hits you.
Casting: Freeze (safe; 2% risk of failure)
Confirm with . or Enter, or press ? or * to list all spells.
Aiming: Freeze (safe; 2% risk of failure)
Press: ? - help, Shift-Dir - straight line, f/p - Grinder
Aim: Grinder You freeze Grinder but do no damage.
Grinder completely resists.
Grinder hits you!
You writhe in agony.
* * * LOW HITPOINT WARNING * * *
Casting: Freeze (safe; 2% risk of failure)
Confirm with . or Enter, or press ? or * to list all spells.
Aiming: Freeze (safe; 2% risk of failure)
Press: ? - help, Shift-Dir - straight line, f/p - Grinder
Aim: Grinder You freeze Grinder.
Grinder resists.
Grinder is lightly wounded.
Grinder closely misses you.
You feel yourself speed up. Grinder closely misses you.
You hit Grinder but do no damage.
Grinder is lightly wounded.
Grinder hits you.
* * * LOW HITPOINT WARNING * * *
You closely miss Grinder.
Grinder is lightly wounded.
Grinder says, "Wait up."
Grinder gestures at you.
You suddenly lose the ability to move!
Grinder hits you.
* * * LOW HITPOINT WARNING * * *
You writhe in agony.
You die...

####...# #......# ******
*, #...# ##.....# *,,,,*
** #...#
#.....###.##.#***** *
#...#
#......†.....#,,,,***
#...#
#.....##......,,,,,,,
#...#
#.....#*,.....,,**,**
*****
####$(..^##..##.#*,*,,,*
#.........)..#...*,,,,,,
#(....5@........,,,,,,,*
#.......†....#..,****,**
##(P.........#*,,*,,*,,,
#..∩P.#>.##....,*,,*,,*
#..PP.#...,*.##,****,,,
#.......##.,,#,,,,,,,,,
###.....#*..,,,,,,,*,,,
#####..,,#.*,,,*,**,*
*,,,,*,**,**,,,,,


You could see Grinder.

Vanquished Creatures
  3 gnolls (D:3)
  An adder (D:2)
  A worm (D:2)
  2 dart slugs (D:2)
  5 orcs
  4 bats
  5 endoplasms
  3 giant cockroaches (D:2)
  5 goblins
  2 hobgoblins (D:2)
  6 jackals
  4 kobolds
  3 quokkas
  6 ball pythons
  A frilled lizard (D:1)
  6 rats
57 creatures vanquished.

Notes
Turn   | Place    | Note
-------+----------+-------------------------------------------
     0 | D:1      | dracfodder the Gargoyle Ice Elementalist began the quest
                  | for the Orb.
     0 | D:1      | Reached XP level 1. HP: 10/10 MP: 3/3
   173 | D:1      | Reached XP level 2. HP: 15/15 MP: 1/5
   578 | D:2      | Reached XP level 3. HP: 18/19 MP: 2/6
   584 | D:2      | Learned a level 3 spell: Frozen Ramparts
   588 | D:2      | Learned a level 3 spell: Ozocubu's Armour
   957 | D:1      | Found a faded altar of an unknown god.
  1870 | D:2      | Reached XP level 4. HP: 12/24 MP: 0/8
  2162 | D:2      | Found a runed translucent door.
  2163 | D:2      | Noticed Crazy Yiuf
  3339 | D:3      | Noticed Grinder
  3344 | D:3      | Paralysed by Grinder for 4 turns
  3346 | D:3      | Found Soich's Antique Weapon Shop.
  3362 | D:3      | Paralysed by Grinder for 6 turns
  3363 | D:3      | HP: 1/24 [Grinder (3)]
  3363 | D:3      | Slain by Grinder

Illustrated notes

Levels and vault maps discovered:
D:1:      dpeg_arrival_leaves_temple_mockup, layout_basic,
          dreamdust_ecumenical_altar_hidden_monk_grotto, serial_bayou_ford_a,
          grunt_decor_resistance
D:2:      layout_loops_ring, uniq_crazy_yiuf_cottage
D:3:      layout_basic, serial_shops, nicolae_shop_overgrown_old_shop,
          hangedman_decor_clover_reticule, uniq_grinder

Skill      XL: |  1  2  3 |
---------------+----------+-----
Spellcasting   | 3 |  3.7
Short Blades   | |  0.1
Throwing       | |  0.1
Dodging        | |  1.6
Stealth        | |  2.7
Ice Magic      | |  4.5

Action                   |  1- 3 |  4- 6 || total
-------------------------+-------+-------++-------
Melee: Dagger            |    15 |    12 ||    27
Throw: Stone             |    45 |    28 ||    73
 Cast: Freeze            |    47 |    20 ||    67
       Frozen Ramparts   |     8 |     9 ||    17
       Ozocubu's Armour  |     1 |       ||     1
  Use: Scroll            |     4 |     5 ||     9
       Potion            |       |     3 ||     3
Armor: Robe              |     9 |     8 ||    17
Dodge: Dodged            |    25 |    12 ||    37

Table legend: (Time is in decaauts)
 A = Elapsed time spent in this place.
 B = Non-inter-level travel time spent in this place.
 C = Inter-level travel time spent in this place.
 D = Time resting spent in this place.
 E = Time spent auto-exploring this place.
 F = Levels seen in this place.
 G = Mean time per level.
                   A        B        C        D        E       F      G
               +--------+--------+--------+--------+--------+-----+--------+
         Total |   3380 |   3359 |     21 |   1033 |   1663 |   3 | 1126.7 |
       Dungeon |   3380 |   3359 |     21 |   1033 |   1663 |   3 | 1126.7 |
               +--------+--------+--------+--------+--------+-----+--------+

Top non-repeatable levels by time:
     D:2: 1348 daAuts
     D:1: 1207 daAuts
     D:3: 824 daAuts
